 Dungeon Crawl Stone Soup version 0.28-a0-387-g0a9eca1 (webtiles) character file.

Game seed: 7235709908196336568

37 Toastz the Insei (level 3, -1/27 HPs)
             Began as a Merfolk Transmuter on Sept 3, 2021.
             Slain by a quokka (3 damage)
             ... on level 1 of the Dungeon.
             The game lasted 00:10:51 (1994 turns).

Toastz the Insei (Merfolk Transmuter)               Turns: 1994, Time: 00:10:51

Health: -1/27      AC:  3    Str: 11    XL:     3   Next: 41%
Magic:  4/6        EV: 12    Int: 12    God:
Gold:   48         SH:  0    Dex: 14    Spells: 0/6 levels left

rFire   . . .      SeeInvis .     - Unarmed
rCold   . . .      Faith    .   (no shield)
rNeg    . . .      Spirit   .   j - +0 leather armour
rPois   .          Reflect  .   (no helmet)
rElec   .          Harm     .   (no cloak)
rCorr   .          Rampage  .   (no gloves)
Will    .....                   (no boots)
Stlth   +.........              (no amulet)
HPRegen 0.09/turn               (no ring)
MPRegen 0.10/turn               (no ring)

@: wereblooded (expiring)
A: (nimble swimmer 2), mertail
a: no special abilities


You were on level 1 of the Dungeon.
You visited 1 branch of the dungeon, and saw 2 of its levels.

You collected 48 gold pieces.

Inventory:

Hand Weapons
 g - a +1 vampiric spear
 h - a +0 dagger of speed
Missiles
 e - 12 stones
Armour
 a - a +0 robe
 j - a +0 leather armour (worn)
Scrolls
 c - 2 scrolls of identify {unknown}
 f - a scroll of vulnerability {unknown}
Potions
 b - 2 potions of mutation {unknown}
 d - a potion of curing {unknown}
 i - a potion of might {unknown}


   Skills:
 + Level 2.1 Fighting
 - Level 2.6 Dodging
 + Level 3.8 Unarmed Combat
 - Level 2.0 Spellcasting
 + Level 3.6 Transmutations
 + Level 0.3 Poison Magic


You couldn't memorise any spells.
You knew the following spells:

 Your Spells              Type           Power      Damage    Failure   Level
a - Beastly Appendage     Tmut           18%        N/A       9%          1
b - Wereblood             Tmut           9%         N/A       12%         2
c - Spider Form           Tmut/Pois      2%         N/A       43%         3

Your spell library contained the following spells:

 Spells                   Type           Power      Damage    Failure   Level
 Ice Form                 Ice/Tmut       5%         N/A       86%         4


Dungeon Overview and Level Annotations

Branches:
Dungeon (2/15)

Altars:


Innate Abilities, Weirdness & Mutations

((You are quick and stealthy near water. (Stealth+, EV+, Speed+++)))
Your lower body shifts to a powerful aquatic tail in water.


Message History

You hit the worm but do no damage.
The worm is moderately wounded.
The quokka bites you but does no damage.
You hit the worm but do no damage.
The worm is moderately wounded.
The worm barely misses you. The quokka closely misses you.
You hit the worm.
The worm is heavily wounded.
The quokka bites you but does no damage.
The worm bites you.
You barely miss the worm.
The worm is heavily wounded.
The quokka misses you.
You hit the worm but do no damage. You headbutt the worm.
The worm is heavily wounded.
The quokka barely misses you. The worm bites you.
You are too injured to fight recklessly!
The quokka bites you.
You climb upwards.
Your horns disappear.
There is a stone staircase leading down here.
You hit the worm.
The worm is severely wounded.
The quokka barely misses you. The worm bites you but does no damage.
The quokka bites you but does no damage.
Casting: Wereblood (safe; 12% risk of failure)
Confirm with . or Enter, or press ? or * to list all spells.
You miscast Beastly Appendage.
You are very lightly contaminated with residual magic.
Nothing appears to happen.
The quokka bites you.
* * * LOW HITPOINT WARNING * * *
The worm bites you.
* * * LOW HITPOINT WARNING * * *
The quokka bites you.
* * * LOW HITPOINT WARNING * * *
The quokka bites you but does no damage.
Your primal bloodlust is almost over.
Your magical contamination has completely faded away.
The quokka bites you.
You die...

################.#
#................#
##.#############.# #.# #.#
#.# #.# ###.#############.#
#########.#.#.............#
..........#.#.#############
#########.#.#.#.@r..#
###.......#.#.#.###.#
..........#.#.#...#.#
.........##.#.#.###.#
.............>......#
.#.##'#.....#)#########
....#.#..####.........#
.####.#..############.#
......#..........# #.#


You could see a quokka.

Vanquished Creatures
  A dart slug (D:1)
  A bat (D:1)
  3 endoplasms (D:1)
  2 giant cockroaches (D:1)
  3 goblins (D:1)
  4 hobgoblins (D:1)
  4 jackals (D:1)
  A kobold (D:1)
  3 quokkas (D:1)
  6 ball pythons (D:1)
  3 rats (D:1)
31 creatures vanquished.

Notes
Turn   | Place    | Note
-------+----------+-------------------------------------------
     0 | D:1      | Toastz the Merfolk Transmuter began the quest for the Orb.
     0 | D:1      | Reached XP level 1. HP: 15/15 MP: 3/3
   416 | D:1      | Reached XP level 2. HP: 12/21 MP: 1/5
   585 | D:1      | Learned a level 2 spell: Wereblood
  1265 | D:1      | Reached XP level 3. HP: 11/27 MP: 3/6
  1631 | D:1      | Learned a level 3 spell: Spider Form
  1984 | D:1      | HP: 1/27 [quokka (3)]
  1994 | D:1      | Slain by a quokka

Illustrated notes

Levels and vault maps discovered:
D:1:      matt_arrival_spirals, layout_basic
D:2:      layout_rooms, st_stairs_11, minmay_misc_feat_five,
          minmay_strange_pillars, serial_park_tiny_2, uniq_terence, uniq_robin

Skill      XL: |  1  2  3 |
---------------+----------+-----
Transmutations | 3 |  3.6
Fighting       | 2 |  2.1
Dodging        | |  2.6
Unarmed Combat | |  3.8
Spellcasting   | |  2.0
Poison Magic   | |  0.3

Action                   || total
-------------------------++-------
Melee: Unarmed           ||   115
       Headbutt          ||    13
       Punch             ||     2
 Cast: Beastly Appendage ||    28
       Wereblood         ||     6
 Stab: Sleeping          ||     1
Armor: Robe              ||    14
       Leather armour    ||     8
Dodge: Dodged            ||    78

Table legend: (Time is in decaauts)
 A = Elapsed time spent in this place.
 B = Non-inter-level travel time spent in this place.
 C = Inter-level travel time spent in this place.
 D = Time resting spent in this place.
 E = Time spent auto-exploring this place.
 F = Levels seen in this place.
 G = Mean time per level.
                   A        B        C        D        E       F      G
               +--------+--------+--------+--------+--------+-----+--------+
         Total |   1988 |   1944 |     44 |    393 |   1199 |   2 |  994.0 |
       Dungeon |   1988 |   1944 |     44 |    393 |   1199 |   2 |  994.0 |
               +--------+--------+--------+--------+--------+-----+--------+

Top non-repeatable levels by time:
     D:1: 1972 daAuts
     D:2: 15 daAuts
